Map: 워터폴

Players

NightMare - Winner!

  • Race: Protoss Protoss
  • Spawn Location: 1:00

Padre

  • Race: Protoss Protoss
  • Spawn Location: 7:00

Event: DreamHack SC2 Masters 2022 Atlanta (Offline)

VOD

Have the link to the VOD?

Description

Time

  • Played on: Nov. 18, 2022, 1:37 p.m.
  • Length: 5:22

All games in this series

Show
View Real Time Build Order
Export as new Build Order

NightMare Protoss - Winner!

Build Orders: Blink Stalkers 

Get SALT Encoding   

  12  0:00  Probe  
  13  0:13  Probe  
  14  0:17  Pylon  
  14  0:25  Probe (Chrono Boost)  
  15  0:37  Probe (Chrono Boost)  
  15  0:38  Gateway  
  16  0:45  Probe (Chrono Boost)  
  16  0:49  Assimilator  
  17  0:52  Probe  
  18  1:04  Probe  
  19  1:16  Probe  
  20  1:21  Assimilator  
  20  1:22  Pylon  
  20  1:25  Cybernetics Core  
  20  1:28  Probe  
  20  1:30  Zealot  
  23  1:40  Probe  
  24  1:52  Probe  
  25  1:58  Adept (Chrono Boost)  
  27  2:04  Probe  
  28  2:15  Nexus  
  28  2:21  Warp Gate (Chrono Boost)  
  30  2:27  Probe  
  31  2:33  Stalker (Chrono Boost)  
  30  2:40  Probe  
  31  2:47  Pylon  
  31  2:55  Pylon  
  31  2:57  Twilight Council  
  29  3:00  Probe  
  30  3:09  Gateway  
  30  3:18  Gateway  
  30  3:20  Probe  
  30  3:26  Stalker  
  33  3:30  Probe  
  33  3:32  Probe  
  33  3:33  Blink (Chrono Boost)  
  35  3:43  Probe  
  35  3:46  Probe  
  37  3:56  Gateway  
  37  4:02  Shield Battery  
  37  4:06  Stalker  
  37  4:09  Stalker  
  39  4:15  Stalker  
  41  4:30  Probe x2, Stalker  
  45  4:33  Stalker  
  47  4:39  Stalker  
  47  4:42  Probe x2  
  51  4:50  Robotics Facility  
  51  4:54  Probe x2  
  51  4:55  Sentry  
  51  4:58  Pylon  
  55  5:06  Probe  
Show
View Real Time Build Order
Export as new Build Order

Padre Protoss 

Build Orders: 1 Gate Expand 

Get SALT Encoding   

  12  0:00  Probe  
  13  0:12  Probe  
  14  0:18  Pylon  
  14  0:24  Probe (Chrono Boost)  
  15  0:37  Probe (Chrono Boost)  
  15  0:38  Gateway  
  16  0:45  Probe (Chrono Boost)  
  16  0:47  Assimilator  
  17  0:51  Probe  
  18  1:03  Probe  
  19  1:15  Probe, Pylon  
  22  1:26  Cybernetics Core  
  22  1:44  Nexus  
  20  1:47  Probe  
  20  1:53  Assimilator  
  21  2:00  Probe  
  22  2:02  Stalker (Chrono Boost)  
  24  2:08  Warp Gate  
  24  2:12  Probe  
  25  2:24  Probe  
  26  2:30  Robotics Facility  
  26  2:32  Stalker (Chrono Boost)  
  27  2:40  Shield Battery  
  27  2:44  Probe  
  28  2:57  Probe  
  29  3:03  Probe (Chrono Boost)  
  30  3:11  Probe (Chrono Boost)  
  31  3:15  Probe (Chrono Boost)  
  31  3:16  Warp Prism  
  35  3:21  Probe (Chrono Boost)  
  35  3:22  Probe (Chrono Boost)  
  35  3:26  Probe (Chrono Boost)  
  36  3:30  Gateway  
  37  3:35  Gateway  
  37  3:37  Probe  
  38  3:45  Gateway  
  38  3:52  Pylon  
  38  4:09  Nexus  
  38  4:10  Probe (Chrono Boost)  
  38  4:12  Probe (Chrono Boost)  
  38  4:15  Observer  
  41  4:20  Probe (Chrono Boost)  
  41  4:21  Probe (Chrono Boost)  
  43  4:28  Probe  
  43  4:29  Probe  
  41  4:33  Stalker x2  
  41  4:38  Twilight Council  
  45  4:46  Pylon  
  45  4:47  Observer  
  45  4:50  Pylon  
  46  5:03  Probe x2  
  42  5:07  Stalker x4  
  48  5:14  Pylon  
  48  5:20  Pylon  
Tags
 
Add a new tag
Caveats
  • Supply blocks, unpowered buildings, or Contaminate may cause inaccurate times.
  • Supply counts are checked every 10 seconds.